TOP OF THE 1ST |
Baltimore Orioles batting - Pitching for New York Yankees : RHP Randall Delgado
|
Pitching: RHP Randall Delgado
|
|
Batting: SHB Dexter Fowler
|
0-0: Swinging Strike 0-1: Ball 1-1: Called Strike 1-2: SINGLE (Line Drive, 7S)
|
Batting: RHB Albert Almora
|
0-0: Called Strike 0-1: Foul Ball, location: 2F 0-2: Ball 1-2: Reached on error, E1 (Groundball, P) Dexter Fowler to second
|
Batting: LHB Rafael Devers
|
0-0: Ball 1-0: Grounds into double play, 4-6-3 (Groundball, 4) Dexter Fowler to third
|
Batting: LHB Shohei Ohtani
|
0-0: Ball 1-0: Called Strike 1-1: Foul Ball, location: 2F 1-2: Ball 2-2: Strikes out swinging
|
Top of the 1st over - 0 runs, 1 hit, 1 error, 1 left on base; Baltimore 0 - New York 0 |
BOTTOM OF THE 1ST |
New York Yankees batting - Pitching for Baltimore Orioles : RHP Lucas Sims
|
Pitching: RHP Lucas Sims
|
|
Batting: RHB Manny Margot
|
0-0: Ball 1-0: Ball 2-0: Foul Ball, location: 2F 2-1: Bunt for hit to 2R - play at first, batter safe!
|
Batting: RHB Anthony Rendon
|
0-0: Ball 1-0: Ball 2-0: Ball 3-0: Base on Balls Manny Margot to second
|
Batting: RHB Ryan Braun
|
0-0: Called Strike 0-1: Grounds into double play, 5-4-3 (Groundball, 56S) Manny Margot to third
|
Batting: LHB Willie Calhoun
|
0-0: Called Strike 0-1: SINGLE (Line Drive, 78S) Manny Margot scores
|
Batting: RHB Buster Posey
|
0-0: Ball 1-0: Ground out 6-3 (Groundball, 6S)
|
Bottom of the 1st over - 1 run, 2 hits, 0 errors, 1 left on base; Baltimore 0 - New York 1 |
TOP OF THE 2ND |
Baltimore Orioles batting - Pitching for New York Yankees : RHP Randall Delgado
|
Batting: RHB Orlando Arcia
|
0-0: Ground out 5-3 (Groundball, 56S)
|
Batting: LHB John Jaso
|
0-0: Ball 1-0: DOUBLE (Line Drive, 5D)
|
Batting: LHB Derek Fisher
|
0-0: Called Strike 0-1: Ball 1-1: Swinging Strike 1-2: Foul Ball, location: 2F 1-2: Ball 2-2: Foul Ball, location: 2F 2-2: Fly out, F9 (Flyball, 9D) Runner from 2nd tags up, SAFE at 3rd, no throw by RF
|
Batting: LHB Stephen Vogt
|
0-0: Called Strike 0-1: Foul Ball, location: 2F 0-2: Ball 1-2: Ball 2-2: Ground out 1-3 (Groundball, 34S)
|
Top of the 2nd over - 0 runs, 1 hit, 0 errors, 1 left on base; Baltimore 0 - New York 1 |
BOTTOM OF THE 2ND |
New York Yankees batting - Pitching for Baltimore Orioles : RHP Lucas Sims
|
Batting: LHB Logan Morrison
|
0-0: Fly out, F9 (Flyball, 9S)
|
Batting: RHB Devon Travis
|
0-0: Called Strike 0-1: Called Strike 0-2: Strikes out swinging
|
Batting: RHB Enrique Hernandez
|
0-0: Foul Ball, location: 2F 0-1: Called Strike 0-2: Ball 1-2: Ball 2-2: Ball 3-2: Foul Ball, location: 2F 3-2: Base on Balls
|
Batting: LHB Brandon Crawford
|
0-0: Called Strike 0-1: Swinging Strike 0-2: Strikes out swinging
|
Bottom of the 2nd over - 0 runs, 0 hits, 0 errors, 1 left on base; Baltimore 0 - New York 1 |
TOP OF THE 3RD |
Baltimore Orioles batting - Pitching for New York Yankees : RHP Randall Delgado
|
Batting: SHB Jose Reyes
|
0-0: Called Strike 0-1: Ground out 6-3 (Groundball, 6)
|
Batting: SHB Dexter Fowler
|
0-0: Ball 1-0: Ball 2-0: Ball 3-0: Called Strike 3-1: Called Strike 3-2: Strikes out swinging
|
Batting: RHB Albert Almora
|
0-0: Ball 1-0: SINGLE (Groundball, 4MD)
|
Batting: LHB Rafael Devers
|
0-0: Swinging Strike 0-1: Ball 1-1: Called Strike 1-2: Ball Albert Almora steals 2nd base 2-2: Ball 3-2: Fly out, F5 (Popup, 15S)
|
Top of the 3rd over - 0 runs, 1 hit, 0 errors, 1 left on base; Baltimore 0 - New York 1 |
BOTTOM OF THE 3RD |
New York Yankees batting - Pitching for Baltimore Orioles : RHP Lucas Sims
|
Batting: RHB Manny Margot
|
0-0: Ball 1-0: Ball 2-0: Called Strike 2-1: Ground out 5-3 (Groundball, 56S)
|
Batting: RHB Anthony Rendon
|
0-0: Called Strike 0-1: Fly out, F7 (Line Drive, 7)
|
Batting: RHB Ryan Braun
|
0-0: Called Strike 0-1: Swinging Strike 0-2: Foul Ball, location: 2F 0-2: Ball 1-2: Ground out 1-3 (Groundball, 15S)
|
Bottom of the 3rd over - 0 runs, 0 hits, 0 errors, 0 left on base; Baltimore 0 - New York 1 |
TOP OF THE 4TH |
Baltimore Orioles batting - Pitching for New York Yankees : RHP Randall Delgado
|
Batting: LHB Shohei Ohtani
|
0-0: Called Strike 0-1: Ball 1-1: Ball 2-1: Foul Ball, location: 2F 2-2: Strikes out swinging
|
Batting: RHB Orlando Arcia
|
0-0: SINGLE (Line Drive, 4D)
|
Batting: LHB John Jaso
|
0-0: Called Strike Orlando Arcia steals 2nd base 0-1: Ball 1-1: DOUBLE (Line Drive, 3D) Orlando Arcia scores
|
Batting: LHB Derek Fisher
|
0-0: Fly out, F7 (Flyball, 78M)
|
Batting: LHB Stephen Vogt
|
0-0: Called Strike 0-1: Ball 1-1: Fly out, F9 (Line Drive, 9D)
|
Top of the 4th over - 1 run, 2 hits, 0 errors, 1 left on base; Baltimore 1 - New York 1 |
BOTTOM OF THE 4TH |
New York Yankees batting - Pitching for Baltimore Orioles : RHP Lucas Sims
|
Batting: LHB Willie Calhoun
|
0-0: Ball 1-0: Swinging Strike 1-1: Swinging Strike 1-2: Strikes out swinging
|
Batting: RHB Buster Posey
|
0-0: Ball 1-0: Foul Ball, location: 2F 1-1: Fly out, F7 (Flyball, 78M)
|
Batting: LHB Logan Morrison
|
0-0: Ball 1-0: Foul Ball, location: 2F 1-1: Swinging Strike 1-2: Foul Ball, location: 2F 1-2: Strikes out swinging
|
Bottom of the 4th over - 0 runs, 0 hits, 0 errors, 0 left on base; Baltimore 1 - New York 1 |
TOP OF THE 5TH |
Baltimore Orioles batting - Pitching for New York Yankees : RHP Randall Delgado
|
Batting: SHB Jose Reyes
|
0-0: Called Strike 0-1: Ball 1-1: Ball 2-1: Ball 3-1: Bunt for hit to 2R - play at first, batter safe!
|
Batting: SHB Dexter Fowler
|
0-0: Ball 1-0: Ball 2-0: Ball 3-0: Called Strike 3-1: Foul Ball, location: 2F 3-2: Foul Ball, location: 2F 3-2: SINGLE (Line Drive, 89M) Jose Reyes to second Jose Reyes to third
|
Pitching: RHP Justin Masterson
|
|
Batting: RHB Albert Almora
|
0-0: Ball 1-0: Swinging Strike 1-1: SINGLE (Groundball, 34D) Jose Reyes scores Dexter Fowler to second Runner from 2nd tries for 3rd, SAFE, no throw by RF
|
Batting: LHB Rafael Devers
|
0-0: Called Strike 0-1: Foul Ball, location: 2F 0-2: Foul Ball, location: 2F 0-2: Ball 1-2: Fly out, F7 (Flyball, 7LS)
|
Batting: LHB Shohei Ohtani
|
0-0: Called Strike 0-1: Grounds into double play, 6-4-3 (Groundball, 6)
|
Top of the 5th over - 1 run, 3 hits, 0 errors, 1 left on base; Baltimore 2 - New York 1 |
BOTTOM OF THE 5TH |
New York Yankees batting - Pitching for Baltimore Orioles : RHP Lucas Sims
|
Batting: RHB Devon Travis
|
0-0: Ball 1-0: Ball 2-0: SINGLE (Line Drive, 6D)
|
Batting: RHB Enrique Hernandez
|
0-0: Ball 1-0: Sac Bunt to P - play at first, batter OUT! 1-3 Devon Travis to second
|
Batting: LHB Brandon Crawford
|
0-0: Called Strike 0-1: Ground out 5-3 (Groundball, 56)
|
Batting: RHB Manny Margot
|
0-0: Ball 1-0: Foul Ball, location: 2F 1-1: SINGLE (Line Drive, 4D) Devon Travis to third Runner from 3rd tries for Home, SAFE, no throw by RF
|
Batting: RHB Anthony Rendon
|
0-0: Ball 1-0: Ball 2-0: Ball 3-0: Called Strike 3-1: Foul Ball, location: 2F 3-2: Foul Ball, location: 2F 3-2: Foul Ball, location: 2F 3-2: 2-RUN HOME RUN (Line Drive, 7D), Distance : 392 ft
|
Batting: RHB Ryan Braun
|
0-0: Called Strike 0-1: Swinging Strike 0-2: Strikes out swinging
|
Bottom of the 5th over - 3 runs, 3 hits, 0 errors, 0 left on base; Baltimore 2 - New York 4 |
TOP OF THE 6TH |
Baltimore Orioles batting - Pitching for New York Yankees : RHP Justin Masterson
|
Batting: RHB Orlando Arcia
|
0-0: Called Strike 0-1: Ground out 5-3 (Groundball, 56)
|
Batting: LHB John Jaso
|
0-0: Ball 1-0: Fly out, F8 (Flyball, 8LXD)
|
Batting: LHB Derek Fisher
|
0-0: Ball 1-0: Fly out, F9 (Flyball, 9LM)
|
Top of the 6th over - 0 runs, 0 hits, 0 errors, 0 left on base; Baltimore 2 - New York 4 |
BOTTOM OF THE 6TH |
New York Yankees batting - Pitching for Baltimore Orioles : RHP Lucas Sims
|
Batting: LHB Willie Calhoun
|
0-0: Ball 1-0: Called Strike 1-1: Ball 2-1: Ball 3-1: Fly out, F7 (Flyball, 78XD)
|
Batting: RHB Buster Posey
|
0-0: Ball 1-0: Ball 2-0: SINGLE (Line Drive, 56)
|
Batting: LHB Logan Morrison
|
0-0: Ball Buster Posey steals 2nd base 1-0: Foul Ball, location: 2F 1-1: Called Strike 1-2: Ball 2-2: Ball 3-2: Strikes out swinging
|
Batting: RHB Devon Travis
|
0-0: Called Strike 0-1: Ball 1-1: Ball 2-1: Called Strike 2-2: Foul Ball, location: 2F 2-2: Foul Ball, location: 2F 2-2: Strikes out looking
|
Bottom of the 6th over - 0 runs, 1 hit, 0 errors, 1 left on base; Baltimore 2 - New York 4 |
TOP OF THE 7TH |
Baltimore Orioles batting - Pitching for New York Yankees : RHP Justin Masterson
|
Pitching: LHP Xavier Cedeno
|
|
Batting: LHB Stephen Vogt
|
0-0: Ball 1-0: Ground out 4-3 (Groundball, 4)
|
Batting: SHB Jose Reyes
|
0-0: Ball 1-0: Ground out 6-3 (Groundball, 56)
|
Batting: SHB Dexter Fowler
|
0-0: Swinging Strike 0-1: Ball 1-1: Ball 2-1: Foul Ball, location: 2F 2-2: Strikes out looking
|
Top of the 7th over - 0 runs, 0 hits, 0 errors, 0 left on base; Baltimore 2 - New York 4 |
BOTTOM OF THE 7TH |
New York Yankees batting - Pitching for Baltimore Orioles : RHP Lucas Sims
|
Pitching: RHP Jeff Manship
|
|
Batting: RHB Enrique Hernandez
|
0-0: SINGLE (Groundball, 34D)
|
Batting: LHB Brandon Crawford
|
0-0: Ball 1-0: Ball 2-0: Called Strike 2-1: Ball 3-1: Called Strike 3-2: Grounds into double play, 6-4-3 (Groundball, 6)
|
Batting: RHB Manny Margot
|
0-0: Ball 1-0: Foul Ball, location: 2F 1-1: Ball 2-1: Swinging Strike 2-2: Ground out 4-3 (Groundball, 34)
|
Bottom of the 7th over - 0 runs, 1 hit, 0 errors, 0 left on base; Baltimore 2 - New York 4 |
TOP OF THE 8TH |
Baltimore Orioles batting - Pitching for New York Yankees : LHP Xavier Cedeno
|
Pitching: LHP Josh Hader
|
|
Batting: RHB Albert Almora
|
0-0: Foul Ball, location: 2F 0-1: SINGLE (Line Drive, 89S)
|
Batting: LHB Rafael Devers
|
0-0: Ball 1-0: Ball 2-0: Foul Ball, location: 2F 2-1: Ball 3-1: Swinging Strike 3-2: Foul Ball, location: 2F 3-2: Strikes out swinging
|
Batting: LHB Shohei Ohtani
|
0-0: Foul Ball, location: 2F 0-1: Ball 1-1: Ball 2-1: DOUBLE (Groundball, 3L) Albert Almora to third Runner from 3rd tries for Home, SAFE, throw by RF to home
|
Batting: RHB Orlando Arcia
|
0-0: Called Strike 0-1: Ball 1-1: Called Strike 1-2: SINGLE (Line Drive, 78M) Shohei Ohtani to third
|
Pitching: RHP Shane Greene
|
|
Batting: LHB John Jaso
|
0-0: Called Strike 0-1: Ball 1-1: Ball 2-1: 3-RUN HOME RUN (Flyball, 78XD), Distance : 408 ft
|
Batting: LHB Derek Fisher
|
0-0: Foul Ball, location: 2F 0-1: Ball 1-1: Ball 2-1: Ball 3-1: Fly out, F8 (Flyball, 8RM)
|
Batting: LHB Stephen Vogt
|
0-0: Called Strike 0-1: Swinging Strike 0-2: Ground out 1-3 (Groundball, 34S)
|
Top of the 8th over - 4 runs, 4 hits, 0 errors, 0 left on base; Baltimore 6 - New York 4 |
BOTTOM OF THE 8TH |
New York Yankees batting - Pitching for Baltimore Orioles : RHP Jeff Manship
|
Now at SS: Brendan Ryan
|
|
Batting: RHB Anthony Rendon
|
0-0: Called Strike 0-1: Foul Ball, location: 2F 0-2: Fly out, F8 (Flyball, 78M)
|
Batting: RHB Ryan Braun
|
0-0: Ball 1-0: Ball 2-0: Called Strike 2-1: Fly out, F3 (Popup, 3SF)
|
Batting: LHB Willie Calhoun
|
0-0: Ball 1-0: SINGLE (Groundball, 6S) (infield hit)
|
Batting: RHB Buster Posey
|
0-0: Called Strike 0-1: Ball 1-1: Swinging Strike 1-2: Foul Ball, location: 2F 1-2: Fielders Choice at 2nd, 5-4 (Groundball, 5)
|
Bottom of the 8th over - 0 runs, 1 hit, 0 errors, 1 left on base; Baltimore 6 - New York 4 |
TOP OF THE 9TH |
Baltimore Orioles batting - Pitching for New York Yankees : RHP Shane Greene
|
Pitching: RHP Wade Davis
|
|
Batting: SHB Jose Reyes
|
0-0: Foul Ball, location: 2F 0-1: Ball 1-1: Foul Ball, location: 2F 1-2: Foul Ball, location: 2F 1-2: Strikes out swinging
|
Batting: SHB Dexter Fowler
|
0-0: Foul Ball, location: 2F 0-1: Foul Ball, location: 2F 0-2: Strikes out swinging
|
Batting: RHB Albert Almora
|
0-0: Ball 1-0: Swinging Strike 1-1: Swinging Strike 1-2: Foul Ball, location: 2F 1-2: Foul Ball, location: 2F 1-2: Ball 2-2: Strikes out swinging
|
Top of the 9th over - 0 runs, 0 hits, 0 errors, 0 left on base; Baltimore 6 - New York 4 |
BOTTOM OF THE 9TH |
New York Yankees batting - Pitching for Baltimore Orioles : RHP Jeff Manship
|
Batting: LHB Logan Morrison
|
0-0: Ball 1-0: Ball 2-0: Ball 3-0: Base on Balls
|
Batting: RHB Devon Travis
|
0-0: Ball 1-0: Swinging Strike 1-1: Ball 2-1: Ball 3-1: Fly out, F8 (Line Drive, 8LD)
|
Batting: RHB Enrique Hernandez
|
0-0: Called Strike 0-1: Ball 1-1: Ball 2-1: Ball 3-1: Base on Balls Logan Morrison to second
|
Batting: LHB Brandon Crawford
|
0-0: Ball 1-0: Ball 2-0: Foul Ball, location: 2F 2-1: SINGLE (Groundball, 6MD) Logan Morrison to third Enrique Hernandez to second
|
Batting: RHB Manny Margot
|
0-0: Grounds into double play, 4-6-3 (Groundball, 4)
|
Bottom of the 9th over - 0 runs, 1 hit, 0 errors, 2 left on base; Baltimore 6 - New York 4 |
|